 Dungeon Crawl Stone Soup version 0.25.1-2-g60ff931df9 (webtiles) character file.

Game seed: 16897439706853866337

28364 RUZZLEFAZAZZLE the Severer (level 13, -7/119 HPs)
             Began as a Hill Orc Fighter on Aug 23, 2020.
             Was a High Priest of the Shining One.
             Mangled by a hellwing (10 damage)
             ... summoned by an orc high priest
             ... on level 2 of the Orcish Mines.
             The game lasted 01:20:40 (18557 turns).

RUZZLEFAZAZZLE the Severer (Hill Orc Fighter)      Turns: 18557, Time: 01:20:42

Health: -7/119     AC: 21    Str: 24    XL:     13   Next: 38%
Magic:  15/18      EV:  9    Int:  8    God:    the Shining One [*****.]
Gold:   997        SH: 14    Dex: 23    Spells: 12/12 levels left

rFire    + . .     SeeInvis .   a - +1 war axe
rCold    + + .     Gourm    .   c - +0 kite shield
rNeg     + + .     Faith    .   A - +5 scale mail "Reust" {-Tele +Fly rC+ Dex+7}
rPois    +         Spirit   .   N - +2 hat of Sorcery {MR+}
rElec    +         Reflect  .   F - +1 cloak
rCorr    +         Harm     .   i - +1 pair of gloves
MR       +....     NoTele   +   (no boots)
Stlth    +.........             (no amulet)
HPRegen  0.29/turn              q - +6 ring of dexterity
MPRegen  0.16/turn              s - ring of poison resistance

@: resistant, glowing
A: wild magic 1, MP-powered wands
a: Divine Shield, Cleansing Flame, Summon Divine Warrior, Renounce Religion,
Convert to Beogh, Evoke Flight


You were on level 2 of the Orcish Mines.
You worshipped the Shining One.
The Shining One was extremely pleased with you.
You were hungry.

You visited 3 branches of the dungeon, and saw 14 of its levels.

You collected 1850 gold pieces.
You spent 853 gold pieces at shops.

Inventory:

Hand Weapons
 a - a +1 war axe (weapon)
 g - a +2 hand axe of flaming
Missiles
 h - 2 throwing nets (quivered)
Armour
 c - a +0 kite shield (worn)
 i - a +1 pair of gloves (worn)
 m - a +0 plate armour
 A - the +5 scale mail "Reust" (worn) {-Tele +Fly rC+ Dex+7}
   (You found it on level 8 of the Dungeon)

   It affects your dexterity (+7).
   It protects you from cold.
   It lets you fly.
   It prevents most forms of teleportation.
 C - a +0 ring mail of magic resistance
 F - a +1 cloak (worn)
 N - the +2 hat of Sorcery (worn) {MR+}
   (You found it on level 2 of the Orcish Mines)

   It affects your resistance to hostile enchantments.
Jewellery
 q - a +6 ring of dexterity (left hand)
 s - a ring of poison resistance (right hand)
Wands
 d - a wand of enslavement (17)
 n - a wand of flame (20)
 B - a wand of iceblast (11)
 E - a wand of disintegration (10)
 H - a wand of acid (10)
 I - a wand of paralysis (8)
Scrolls
 e - 7 scrolls of remove curse
 j - 3 scrolls of immolation
 l - 7 scrolls of identify
 o - 2 scrolls of magic mapping
 r - a scroll of enchant armour
 t - 2 scrolls of teleportation
 u - a scroll of silence
 v - 3 scrolls of blinking
 y - a scroll of amnesia
 z - a scroll of brand weapon
 L - a scroll of holy word
Potions
 b - a potion of flight
 k - a potion of curing
 x - a potion of brilliance
 G - a potion of cancellation
 K - a potion of resistance
Comestibles
 f - 19 rations
 D - 5 chunks of flesh


   Skills:
 + Level 12.6 Fighting
 + Level 15.3 Axes
 + Level 11.7 Armour
 + Level 11.7 Shields
 + Level 7.3 Invocations


You had 12 spell levels left.
You didn't know any spells.
Your spell library contained the following spells:

 Spells                   Type           Power        Failure   Level  Hunger
 Infusion                 Chrm           #...         86%         1    ##.....
 Magic Dart               Conj           #...         86%         1    ##.....
 Summon Small Mammal      Summ           #...         86%         1    ##.....
 Blink                    Tloc           N/A          94%         2    ###....
 Call Imp                 Summ           #.......     94%         2    ###....
 Shroud of Golubria       Chrm/Tloc      #.....       94%         2    ###....
 Slow                     Hex            #.......     94%         2    ###....
 Song of Slaying          Chrm           #.......     94%         2    ###....
 Call Canine Familiar     Summ           #.......     99%         3    ####...
 Conjure Flame            Conj/Fire      #.......     99%         3    ####...
 Mephitic Cloud           Conj/Pois/Air  #.......     99%         3    ####...
 Ozocubu's Armour         Chrm/Ice       #.......     99%         3    ####...
 Spectral Weapon          Hex/Chrm       #.......     99%         3    ####...
 Summon Guardian Golem    Hex/Summ       #.......     99%         3    ####...
 Summon Ice Beast         Ice/Summ       #.......     100%        4    #####..
 Summon Lightning Spire   Summ/Air       #.......     100%        4    #####..
 Chain Lightning          Conj/Air       #.........   100%        8    #######
 Lehudib's Crystal Spear  Conj/Erth      #.........   100%        8    #######
 Absolute Zero            Ice            #.........   100%        9    #######
 Fire Storm               Conj/Fire      #.........   100%        9    #######


Dungeon Overview and Level Annotations

Branches:
Dungeon (11/15)            Temple (1/1) D:5            Lair (0/6) D:9
    Orc (2/2) D:9             Elf (0/3) Orc:2

Altars:
Ashenzari
Cheibriados
Dithmenos
Elyvilon
Fedhas
Gozag
Hepliaklqana
Kikubaaqudgha
Makhleb
Nemelex Xobeh
Okawaru
Qazlal
Ru
Sif Muna
Trog
Uskayaw
Vehumet
Wu Jian
Xom
Yredelemnul
Zin
The Shining One

Shops:
D:7 *


Innate Abilities, Weirdness & Mutations

Your spells are a little harder to cast, but a little more powerful.
You expend magic power (3 MP) to strengthen your wands.


Message History

As you read the scroll of fog, it crumbles to dust.
The scroll dissolves into smoke.
You block the orc warrior's attack.
The orc high priest mumbles some strange prayers to Beogh.
You hit the orc high priest.
The orc high priest is lightly wounded.
You slash the orange demon! You slash the orc warrior!
The hellwing swoops through the air toward you!
The hellwing barely misses you.
The hellwing hits you but does no damage.
You block the orc warrior's attack.
The orc high priest calls upon Beogh to heal something.
You feel better.
The orange demon stings you but does no damage.
You block the orange demon's attack.
An orc warrior comes into view. It is wielding a +0 long sword.
The orc priest calls down the wrath of Beogh upon you.
Beogh smites you!
* * * LOW HITPOINT WARNING * * *
The hellwing hits you!
You die...

#).......................)...)([#
.............)...........))....##
.....#.....#.......)...)...#...#
....##.....#...............#..##
...........#######...#######...#
...........# ##...)o..# ##..##
..#.....##.# #§o#§..#..# #...#
...#.....### ##4oo§.....# ##.##
..####..## #§.@#§..#...# ### ...#
#...# ##§§4o)o.....# ..## ##.##
#.§§o#...#....# .## ###
#..^§.........# ##
#.o..#§.4#....# #.............
#..o.#...#... ##..o.§..o...
#.).#o..#... ###


You could see 2 orc high priests, an orange demon (summoned), a hellwing
(summoned), a rust devil (summoned), 5 orc warriors and an orc priest.

Vanquished Creatures
  A two-headed ogre (D:11)
  A death knight (D:7)
  A tengu warrior (D:10)
  4 orc high priests
  2 unseen horrors (D:11)
  Pikel (D:5)
  4 orc knights
  2 deep elf magi
  2 orc sorcerers (Orc:2)
  2 cyclopes
  A gargoyle (D:10)
  Maurice (D:8)
  A centaur skeleton (D:11)
  Psyche (D:8)
  2 ice devils (Orc:1)
  8 trolls
  5 hippogriffs
  A vampire (D:10)
  12 yaks
  Eustachio (D:5)
  4 hungry ghosts
  A basilisk (D:11)
  A golden eye (shapeshifter) (D:11)
  Grum (D:8)
  5 wargs
  Duvessa (D:4)
  3 sky beasts
  A swamp drake (Orc:2)
  An eye of draining (D:11)
  A slave (D:5)
  A black bear (D:8)
  3 phantoms
  29 orc warriors
  6 wolves
  12 ogres
  2 centaurs
  A crocodile (D:10)
  7 big kobolds
  Blork the orc (D:4)
  6 bullfrogs
  A wyvern zombie (D:10)
  A scorpion (D:11)
  Dowan (D:4)
  5 wights
  10 killer bees
  2 electric eels (D:9)
  2 howler monkeys
  9 crimson imps
  2 jellies
  36 orc priests
  A quasit (D:5)
  5 hounds (D:9)
  An iron imp (Orc:2)
  2 bullfrog skeletons
  25 orc wizards
  9 worker ants
  A killer bee zombie (D:7)
  A hound skeleton (D:11)
  2 worker ant zombies
  3 howler monkey skeletons
  9 adders
  2 gnolls (D:4)
  6 shadow imps
  A white imp (Orc:2)
  An ooze (D:3)
  3 adder skeletons
  An adder zombie (D:5)
  3 worms
  2 dart slugs (D:3)
  11 leopard geckos
  114 orcs
  2 ball pythons
  7 giant cockroaches
  10 goblins
  17 hobgoblins
  25 jackals
  3 quokkas
  7 bats
  8 frilled lizards
  51 kobolds
  3 rats (D:1)
545 creatures vanquished.

Vanquished Creatures (others)
  A deep elf mage (Orc:2)
  A jackal (D:9)
  4 toadstools (D:1)
6 creatures vanquished.

Grand Total: 551 creatures vanquished

Notes
Turn   | Place    | Note
-------+----------+-------------------------------------------
     0 | D:1      | RUZZLEFAZAZZLE the Hill Orc Fighter began the quest for the
                  | Orb.
     0 | D:1      | Reached XP level 1. HP: 19/19 MP: 1/1
    68 | D:1      | Reached skill level 3 in Axes
   115 | D:1      | Reached XP level 2. HP: 27/27 MP: 2/2
   405 | D:1      | Reached XP level 3. HP: 33/33 MP: 3/3
  1245 | D:2      | Reached skill level 4 in Axes
  1245 | D:2      | Reached XP level 4. HP: 36/40 MP: 4/4
  1427 | D:2      | Noticed a sky beast
  1441 | D:2      | Killed a sky beast
  1441 | D:2      | Reached skill level 5 in Axes
  1441 | D:2      | Reached XP level 5. HP: 29/47 MP: 5/5
  2180 | D:3      | Found a hide-covered altar of Uskayaw.
  2407 | D:3      | Reached XP level 6. HP: 27/55 MP: 6/6
  3244 | D:4      | Reached skill level 5 in Fighting
  3257 | D:4      | Reached skill level 6 in Axes
  3830 | D:4      | Noticed Blork the orc
  3838 | D:4      | Killed Blork the orc
  4102 | D:4      | Reached XP level 7. HP: 56/61 MP: 7/7
  4205 | D:4      | Reached skill level 5 in Armour
  4205 | D:4      | Reached skill level 5 in Shields
  4219 | D:4      | Reached skill level 7 in Axes
  4347 | D:4      | Noticed Dowan
  4348 | D:4      | Noticed Duvessa
  4360 | D:4      | Killed Dowan
  4368 | D:4      | HP: 2/62 [Duvessa/+0 rapier of speed (2)]
  4679 | D:4      | Killed Duvessa
  4766 | D:4      | Reached XP level 8. HP: 64/70 MP: 8/8
  4773 | D:4      | Reached skill level 8 in Axes
  5177 | D:5      | Entered Level 5 of the Dungeon
  5187 | D:5      | Noticed Eustachio
  5249 | D:5      | Killed Eustachio
  5977 | D:5      | Reached skill level 9 in Axes
  6150 | D:5      | Found a staircase to the Ecumenical Temple.
  6192 | Temple   | Entered the Ecumenical Temple
  6228 | Temple   | Became a worshipper of the Shining One
  6533 | D:5      | Noticed Pikel
  6535 | D:5      | Gained mutation: Your spells are a little harder to cast,
                  | but a little more powerful. [potion of mutation]
  6535 | D:5      | Gained mutation: You expend magic power (3 MP) to
                  | strengthen your wands. [potion of mutation]
  6565 | D:5      | Killed Pikel
  6565 | D:5      | Reached XP level 9. HP: 34/79 MP: 9/9
  6881 | D:5      | Reached skill level 10 in Axes
  7207 | D:6      | Found an ornate altar of the Wu Jian Council.
  7411 | D:6      | Found a snail-covered altar of Cheibriados.
  7574 | D:6      | Reached * piety under the Shining One
  7655 | D:6      | Found a shimmering altar of Xom.
  8263 | D:7      | Found a blossoming altar of Fedhas.
  8263 | D:7      | Noticed a troll
  8269 | D:7      | Reached skill level 11 in Axes
  8269 | D:7      | Killed a troll
  8286 | D:7      | Reached XP level 10. HP: 23/88 MP: 10/10
  8321 | D:7      | Noticed a deep elf mage
  8651 | D:7      | Killed a deep elf mage
  8668 | D:7      | Noticed a death knight
  9072 | D:7      | Found Ypibusao's General Store.
  9082 | D:7      | Bought a potion of heal wounds for 70 gold pieces
  9082 | D:7      | Bought a potion of curing for 42 gold pieces
  9082 | D:7      | Bought a scroll of blinking for 105 gold pieces
  9140 | D:7      | Killed a death knight
  9140 | D:7      | Reached ** piety under the Shining One
  9140 | D:7      | Reached skill level 12 in Axes
  9548 | D:7      | Got a heavily runed wooden ring
  9558 | D:7      | Identified the ring "Ydder" {Fire MP+9 Int+6} (You found it
                  | on level 7 of the Dungeon)
  9675 | D:7      | Bought a scroll of silence for 105 gold pieces
  9888 | D:8      | Noticed Grum
  9926 | D:8      | Killed Grum
 10165 | D:8      | Got an ichor-stained scale mail
 10176 | D:8      | Identified the +5 scale mail "Reust" {-Tele +Fly rC+ Dex+7}
                  | (You found it on level 8 of the Dungeon)
 10523 | D:8      | Found a white marble altar of Elyvilon.
 10525 | D:8      | Found an iron altar of Okawaru.
 10675 | D:8      | Found a sparkling altar of Nemelex Xobeh.
 10689 | D:8      | Noticed Psyche
 10697 | D:8      | Killed Psyche
 10834 | D:8      | Noticed Maurice
 10851 | D:8      | Killed Maurice
 10851 | D:8      | Reached XP level 11. HP: 75/99 MP: 11/11
 11077 | D:9      | Reached skill level 13 in Axes
 11330 | D:9      | Reached skill level 10 in Fighting
 11334 | D:9      | Found a staircase to the Orcish Mines.
 11680 | D:9      | Reached *** piety under the Shining One
 11931 | D:9      | Found a staircase to the Lair.
 12194 | D:9      | Found a hazy altar of Hepliaklqana.
 12318 | D:9      | Found a shadowy altar of Dithmenos.
 12670 | D:10     | Entered Level 10 of the Dungeon
 12696 | D:10     | Noticed a tengu warrior
 12705 | D:10     | Killed a tengu warrior
 13260 | D:10     | Reached skill level 10 in Armour
 13314 | D:10     | Reached skill level 10 in Shields
 13667 | D:10     | Found an iron altar of Okawaru.
 13674 | D:10     | Reached **** piety under the Shining One
 13840 | D:10     | Reached skill level 1 in Invocations
 13988 | D:11     | Noticed an unseen horror
 13997 | D:11     | Killed an unseen horror
 13997 | D:11     | Reached skill level 14 in Axes
 13997 | D:11     | Reached XP level 12. HP: 110/110 MP: 11/13
 14481 | D:11     | Noticed a two-headed ogre
 14495 | D:11     | Killed a two-headed ogre
 14965 | Orc:1    | Entered Level 1 of the Orcish Mines
 14965 | Orc:1    | Noticed an orc high priest
 14980 | Orc:1    | Killed an orc high priest
 15061 | Orc:1    | Noticed an orc high priest
 15081 | Orc:1    | Killed an orc high priest
 15087 | Orc:1    | Reached skill level 5 in Invocations
 15435 | Orc:1    | Found a dark tunnel.
 15529 | Orc:2    | Entered Level 2 of the Orcish Mines
 15529 | Orc:2    | Found a staircase to the Elven Halls.
 15611 | Orc:2    | Found Sawiamy's Magic Scroll Shop.
 15723 | Orc:2    | Bought a scroll of blinking for 112 gold pieces
 15723 | Orc:2    | Bought a scroll of remove curse for 45 gold pieces
 15723 | Orc:2    | Bought a scroll of remove curse for 45 gold pieces
 15723 | Orc:2    | Bought a scroll of identify for 30 gold pieces
 15723 | Orc:2    | Bought a scroll of identify for 30 gold pieces
 15723 | Orc:2    | Bought a scroll of magic mapping for 52 gold pieces
 15723 | Orc:2    | Bought a scroll of identify for 30 gold pieces
 15723 | Orc:2    | Bought a scroll of remove curse for 45 gold pieces
 15723 | Orc:2    | Bought a scroll of teleportation for 45 gold pieces
 15723 | Orc:2    | Bought a scroll of amnesia for 52 gold pieces
 15723 | Orc:2    | Bought a scroll of teleportation for 45 gold pieces
 15760 | Orc:2    | Noticed an orc high priest
 15784 | Orc:2    | Killed an orc high priest
 16098 | Orc:2    | Reached ***** piety under the Shining One
 16118 | Orc:2    | Got a slimy hat
 16144 | Orc:2    | Identified the +2 hat of Sorcery {MR+} (You found it on
                  | level 2 of the Orcish Mines)
 16762 | Orc:2    | Reached XP level 13. HP: 96/118 MP: 17/17
 16840 | Orc:1    | Reached skill level 15 in Axes
 18557 | Orc:2    | HP: 3/119 [orc priest/divine providence (15)]
 18557 | Orc:2    | Mangled by a hellwing

Illustrated notes

Levels and vault maps discovered:
D:1:      dpeg_arrival_arbitrary_c, layout_basic, minmay_liquid_box,
          minmay_gold_behind_fungi
D:2:      layout_basic, first_ration
D:3:      kennysheep_big_flooded_room, layout_basic,
          eat_drink_and_be_merry_uskayaw
D:4:      minmay_goblin_kobold_castle, layout_rooms, minivault_27, hex_medium,
          chequers_avenue, minmay_goblin_outpost, uniq_blork_the_orc,
          uniq_duvessa
D:5:      layout_rooms, temple_pool_b, serial_co_window_serial,
          co_window_corner_a, co_window_paths_a, co_window_paths_a,
          co_window_paths_a, co_window_corner_a, co_window_broadway_a,
          co_window_of_opportunity_c, co_window_paths_c, co_window_2corner,
          co_window_broadway_c, glass_columns_a, glass_columns_c,
          glass_columns_a, glass_columns_a, minmay_stone_trees_small,
          uniq_pikel, uniq_eustachio
D:6:      layout_rooms, slow_altar_1, overflow_temple_1_default, tgw_xom
D:7:      minmay_the_grid_triangle_9x9_recursive_2
          [minmay_the_grid_triangle_9x9_prize_top_heavy,
          minmay_the_grid_triangle_9x9_skeleton,
          minmay_the_grid_triangle_9x9_shrine,
          minmay_the_grid_triangle_9x9_empty], layout_cave_pools, serial_shops,
          shop
D:8:      layout_basic, nemelex_xobeh_ov_fountains_minmay,
          nicolae_overflow_hidden_temple, uniq_grum, uniq_psyche, uniq_maurice
D:9:      layout_cave_pods, kennysheep_mini_moat, grunt_dithmenos_shadows,
          erik_lair_island, hiddenorc2_lemuel
D:10:     cheibrodos_barr_body, layout_rooms, basic_altar
D:11:     layout_rooms, grunt_ogre_cave
Temple:   nicolae_temple_figure_eight
Orc:1:    layout_caves, enter_volcano_4, portal_ice_cave_demonic_guard
Orc:2:    st_orc_pillars, layout_diamond_mine, serial_shops,
          nicolae_shop_window_shopping, hangedman_minor_magic

Skill      XL: |  1  2  3  4  5  6  7  8  9 10 11 12 13 |
---------------+----------------------------------------+-----
Axes           | 3 4 5 6 7 9 11 12 14 15 | 15.3
Fighting       | 4 5 7 8 9 11 12 | 12.6
Armour         | 4 5 6 7 9 10 11 | 11.7
Shields        | 4 5 6 7 8 10 11 | 11.7
Invocations    | 1 6 7 |  7.3

Action                   |  1- 3 |  4- 6 |  7- 9 | 10-12 | 13-15 || total
-------------------------+-------+-------+-------+-------+-------++-------
Melee: War axe           |    99 |   206 |   233 |       |   198 ||   736
       Hand axe          |       |       |   177 |   841 |    49 ||  1067
Throw: Throwing net      |       |     2 |     6 |     2 |       ||    10
Invok: Divine Shield     |       |       |       |     2 |     3 ||     5
       Cleansing Flame   |       |       |       |       |     1 ||     1
  Use: Potion            |     4 |     8 |     4 |     5 |     8 ||    29
       Scroll            |     1 |     7 |     5 |     8 |     1 ||    22
 Stab: Invisible         |     3 |       |       |       |       ||     3
  Eat: Chunk             |     1 |     6 |     4 |    14 |       ||    25
       Ration            |       |     1 |     3 |     6 |     1 ||    11
Armor: Scale mail        |    68 |   108 |   153 |   223 |    66 ||   618
       Chain mail        |       |       |       |    22 |       ||    22
Dodge: Dodged            |    36 |    74 |   103 |   166 |    44 ||   423
Block: Kite shield       |    62 |   133 |   219 |   412 |   149 ||   975
